 Dungeon Crawl Stone Soup version 0.32-a0-768-g0f6f1dd4b9 (webtiles) character file.

Game seed: 15922998661656864215

559 Fodor the Covered (level 7, -3/61 HPs)
             Began as a Minotaur Fighter on Mar 18, 2024.
             Was an Initiate of Gozag.
             Slain by a killer bee (4 damage)
             ... on level 5 of the Dungeon.
             The game lasted 00:08:26 (3293 turns).

Fodor the Covered (Minotaur Fighter)                Turns: 3293, Time: 00:08:26

Health: -3/61      AC:  7    Str: 19 (22) XL:     7   Next: 9%
Magic:  0/6        EV:  8    Int:  3 (5)  God:    Gozag
Gold:   151        SH:  4    Dex:  7 (10) Spells: 6/6 levels left

rFire   . . .        a - +0 war axe
rCold   . . .        c - +0 buckler
rNeg    . . .        b - +0 scale mail
rPois   .            (helmet restricted)
rElec   .            (no cloak)
rCorr   .            (no gloves)
SInv    +            (no boots)
Will    .....        o - amulet of guardian spirit Stlth
                     e - ring of see invisible
HPRegen 0.30/turn    (no ring)
MPRegen 0.10/turn

%: guardian spirit
@: mighty, lethally poisoned (-3 -> -17), gold aura, hasted, very quick
A: horns 2, retaliatory headbutt, hooves 1, devolution 1
a: Renounce Religion, Potion Petition, Call Merchant, Bribe Branch


You were on level 5 of the Dungeon.
You worshipped Gozag.
Gozag was aware of your devotion.
You visited 2 branches of the dungeon, and saw 6 of its levels.

You collected 234 gold pieces.
You spent 28 gold pieces at shops.
You paid 55 gold pieces to Gozag.

Inventory:

Hand Weapons
 a - a +0 war axe (weapon)
Missiles
 m - 5 boomerangs (quivered)
Armour
 b - a +0 scale mail (worn)
 c - a +0 buckler (worn)
 u - a +0 plate armour
Jewellery
 e - a ring of see invisible (left hand)
 o - an amulet of guardian spirit (around neck)
 x - a ring of protection from fire
Wands
 v - a wand of flame (28)
Scrolls
 h - 2 scrolls of amnesia
 i - 2 scrolls of enchant weapon
 k - a scroll of identify
 l - a scroll of blinking {unknown}
 p - 2 scrolls of teleportation {unknown}
 q - a scroll of noise {unknown}
 r - a scroll of butterflies {unknown}
 w - a scroll of fear {unknown}
Potions
 j - a potion of degeneration
 t - a potion of haste


   Skills:
 + Level 5.3 Fighting
 + Level 5.3 Axes
 + Level 6.2 Armour
 + Level 1.7 Dodging
 + Level 0.1 Stealth
 + Level 5.0 Shields


You had 6 spell levels left.
You didn't know any spells.
Your spell library contained the following spells:

 Spells                   Type           Power      Damage    Failure   Level
 Freeze                   Ice            0%         1d3       90%         1
 Call Imp                 Summ           0%         N/A       97%         2
 Sublimation of Blood     Necr           0%         N/A       97%         2
 Frozen Ramparts          Ice            0%         1d1       99%         3
 Hailstorm                Conj/Ice       0%         3d5       99%         3
 Summon Hydra             Summ           0%         N/A       100%        7


Dungeon Overview and Level Annotations

Branches:
Dungeon (5/15)             Temple (1/1) D:4

Altars:
Ashenzari
Cheibriados
Dithmenos
Elyvilon
Gozag
Hepliaklqana
Kikubaaqudgha
Makhleb
Nemelex Xobeh
Okawaru
Qazlal
Sif Muna
Uskayaw
Vehumet
Wu Jian
Xom
Zin

Shops:
D:1 ?


Innate Abilities, Weirdness & Mutations

You have a pair of horns on your head.
You reflexively headbutt those who attack you in melee.
You have large cloven feet.
You have hidden genetic defects.


Message History

You feel sick.
The killer bee stings you but does no damage.
The killer bee barely misses you.
You closely miss the killer bee. You kick the killer bee.
The killer bee is severely wounded.
You closely miss the killer bee.
* * * LOW HITPOINT WARNING * * *
You feel very sick.
The killer bee stings you but does no damage.
You block the killer bee's attack. The killer bee closely misses you.
The killer bee stings you but does no damage.
You barely miss the killer bee. Your headbutt misses the killer bee.
The killer bee is severely wounded.
You barely miss the killer bee.
* * * LOW HITPOINT WARNING * * *
You feel sick. You block the killer bee's attack. The killer bee stings you.
* * * LOW HITPOINT WARNING * * *
You closely miss the killer bee. Your headbutt misses the killer bee.
The killer bee is severely wounded.
You slash the killer bee!
You kill the killer bee!
* * * LOW HITPOINT WARNING * * *
You feel sick.
The killer bee stings you but does no damage.
The killer bee stings you.
* * * LOW HITPOINT WARNING * * *
You are more poisoned.
The killer bee poisons you! The killer bee closely misses you.
You miss the killer bee. Your kick misses the killer bee.
Your headbutt misses the killer bee.
The killer bee is severely wounded.
You miss the killer bee.
* * * LOW HITPOINT WARNING * * *
You feel very sick. The killer bee stings you.
* * * LOW HITPOINT WARNING * * *
The killer bee stings you but does no damage.
The killer bee stings you.
You die...
Your body crumbles into a pile of gold.

####### .......
....... ....... #
.......###.####
..............#
........#
......y@#
#######y#
###$$####.. ##
##......y.... .
#...########.
#.##....##....
#.###.#...⌠....~_.
..............~...
#####.#<...~~.~...


You could see 2 killer bees.

Vanquished Creatures
  Sigmund (D:2)
  4 killer bees (D:5)
  A bombardier beetle (D:3)
  A jelly (D:4)
  An orc priest (D:4)
  4 adders
  2 ufetubi (D:4)
  3 ribbon worms
  A dart slug (D:4)
  5 orcs (D:4)
  An endoplasm (D:3)
  9 giant cockroaches
  4 goblins
  9 hobgoblins
  5 jackals
  3 quokkas
  6 ball pythons
  3 bats
  3 frilled lizards
  3 kobolds
  6 rats
75 creatures vanquished.

Notes
Turn   | Place    | Note
-------+----------+-------------------------------------------
     0 | D:1      | Fodor the Minotaur Fighter began the quest for the Orb.
     0 | D:1      | Reached XP level 1. HP: 19/19 MP: 0/0
   267 | D:1      | Reached XP level 2. HP: 25/27 MP: 1/1
   357 | D:1      | Found Ephel's Magic Scroll Shop.
   370 | D:1      | Bought a scroll of identify for 28 gold pieces
   440 | D:1      | Reached skill level 4 in Armour
   672 | D:2      | Reached XP level 3. HP: 17/33 MP: 2/2
   816 | D:2      | Noticed Sigmund
   823 | D:2      | Killed Sigmund
   824 | D:2      | Reached skill level 5 in Armour
   824 | D:2      | Reached XP level 4. HP: 30/41 MP: 3/3
   824 | D:2      | Reached XP level 5. HP: 34/47 MP: 4/4
  1204 | D:2      | Found a faded altar of an unknown god.
  1302 | D:2      | Reached skill level 1 in Dodging
  1614 | D:3      | Found a hazy altar of Hepliaklqana.
  1680 | D:3      | Reached XP level 6. HP: 54/55 MP: 3/5
  2169 | D:3      | Found an ornate altar of the Wu Jian Council.
  2573 | D:4      | Reached skill level 5 in Fighting
  2813 | D:4      | Found a staircase to the Ecumenical Temple.
  2821 | Temple   | Entered the Ecumenical Temple
  2831 | Temple   | Became a worshipper of Gozag Ym Sagoz the Greedy
  3247 | D:5      | Entered Level 5 of the Dungeon
  3252 | D:5      | Found an ancient bone altar of Kikubaaqudgha.
  3265 | D:5      | Reached skill level 6 in Armour
  3268 | D:5      | Reached skill level 5 in Axes
  3268 | D:5      | Reached skill level 5 in Shields
  3268 | D:5      | Reached XP level 7. HP: 24/61 MP: 0/6
  3274 | D:5      | HP: 1/61 [killer bee (4)]
  3276 | D:5      | Gained mutation: You have large cloven feet. [potion of
                  | mutation]
  3276 | D:5      | Gained mutation: You have hidden genetic defects. [potion
                  | of mutation]
  3293 | D:5      | HP: 2/61 [poisoned by a killer bee]
  3293 | D:5      | Slain by a killer bee

Illustrated notes

Levels and vault maps discovered:
D:1:      amcnicky_arrival_blooded_trapdoor, layout_basic, serial_shops, shop
D:2:      minmay_chambers_of_twos, layout_basic, nicolae_ecumenical_lake_church,
          amethyst_killhole, uniq_sigmund
D:3:      layout_loops_ring, pdpol_wu_jian_five_deadly_venoms,
          lemuel_tele_altar, chequers_serial_rivers_small_b
D:4:      layout_basic, minmay_temple_entry_glassed_door
D:5:      layout_loops_cross, kiku_gazebo_pond_becter, blue_anna_alchemist,
          nicolae_elemental_shop, uniq_blork_the_orc
Temple:   nicolae_temple_two_arcs

Skill      XL: |  1  2  3  4  5  6 |
---------------+-------------------+-----
Armour         | 4 5 6 |  6.2
Shields        | 4 5 |  5.0
Fighting       | 4 5 |  5.3
Axes           | 3 4 5 |  5.3
Dodging        | 1 |  1.7
Stealth        | |  0.1

Action                     |  1- 3 |  4- 6 |  7- 9 || total
---------------------------+-------+-------+-------++-------
  Melee: War axe           |    53 |   110 |    14 ||   177
         Headbutt          |     5 |    13 |     1 ||    19
         Kick              |       |       |     2 ||     2
    Use: Scroll            |     2 |       |       ||     2
         Potion            |       |     4 |     6 ||    10
 Armour: Scale mail        |    52 |   108 |    30 ||   190
  Dodge: Dodged            |    26 |    57 |    19 ||   102
  Block: Buckler           |    11 |    32 |     5 ||    48

Table legend: (Time is in decaauts)
 A = Elapsed time spent in this place.
 B = Non-inter-level travel time spent in this place.
 C = Inter-level travel time spent in this place.
 D = Time resting spent in this place.
 E = Time spent auto-exploring this place.
 F = Levels seen in this place.
 G = Mean time per level.
                   A        B        C        D        E       F      G
               +--------+--------+--------+--------+--------+-----+--------+
         Total |   3350 |   3315 |     35 |    100 |   2322 |   6 |  558.3 |
       Dungeon |   3330 |   3295 |     35 |    100 |   2322 |   5 |  666.0 |
        Temple |     19 |     19 |      0 |      0 |      0 |   1 |   19.0 |
               +--------+--------+--------+--------+--------+-----+--------+

Top non-repeatable levels by time:
     D:2: 965 daAuts
     D:4: 937 daAuts
     D:3: 713 daAuts
     D:1: 669 daAuts
     D:5: 43 daAuts
  Temple: 19 daAuts
